 Dungeon Crawl Stone Soup version 0.31-a0-977-gc230f8ef24 (webtiles) character file.

Game seed: 9805147414432715145

31 Shayle the Trooper (level 3, -1/21 HPs)
             Began as a Tengu Hexslinger on Oct 29, 2023.
             Slain by a frilled lizard (3 damage)
             ... on level 2 of the Dungeon.
             The game lasted 00:01:29 (932 turns).

Shayle the Trooper (Tengu Hexslinger)                Turns: 932, Time: 00:01:29

Health: -1/21      AC:  2    Str:  8    XL:     3   Next: 22%
Magic:  5/5        EV: 12    Int: 15    God:
Gold:   96         SH:  0    Dex: 16    Spells: 4/4 levels left

rFire   . . .        a - +1 sling
rCold   . . .        (no shield)
rNeg    . . .        c - +0 robe
rPois   .            (helmet restricted)
rElec   .            (no cloak)
rCorr   .            (no gloves)
SInv    .            (boots unavailable)
Will    .....        (no amulet)
Stlth   +            (no ring)
HPRegen 0.23/turn    (no ring)
MPRegen 0.09/turn

%: acrobat
@: no status effects
A: beak, talons 3, acrobatic
a: no special abilities


You were on level 2 of the Dungeon.
You visited 1 branch of the dungeon, and saw 2 of its levels.

You collected 96 gold pieces.

Inventory:

Hand Weapons
 a - a +1 sling (weapon)
Armour
 c - a +0 robe (worn)
Scrolls
 b - a scroll of poison
 d - a scroll of revelation {unknown}
 e - 2 scrolls of vulnerability {unknown}
 f - 2 scrolls of blinking {unknown}
Potions
 g - a potion of heal wounds {unknown}


   Skills:
 + Level 2.2 Fighting
 - Level 2.1 Ranged Weapons
 - Level 2.1 Dodging
 + Level 2.0 Unarmed Combat
 - Level 1.0 Spellcasting
 - Level 2.1 Hexes
 - Level 1.1 Fire Magic


You had 4 spell levels left.
You didn't know any spells.
Your spell library contained the following spells:

 Spells                   Type           Power      Damage    Failure   Level
 Jinxbite                 Hex            14%        N/A       16%         2
 Sigil of Binding         Hex            7%         N/A       30%         3
 Inner Flame              Hex/Fire       5%         N/A       36%         3
 Cause Fear               Hex            3%         N/A       69%         4
 Dimensional Bullseye     Hex/Tloc       2%         N/A       83%         4


Dungeon Overview and Level Annotations

Branches:
Dungeon (2/15)

Altars:


Innate Abilities, Weirdness & Mutations

You have a beak for a mouth.
You have claws for feet.
You can magically evade attacks while moving or waiting.


Message History

You shoot a sling bullet. The sling bullet hits the worm.
The worm is moderately wounded.
The worm bites you!
You shoot a sling bullet. The sling bullet hits the worm.
The worm is heavily wounded.
The worm closely misses you.
You shoot a sling bullet.
The sling bullet completely misses the worm.
The worm bites you!
* * * LOW HITPOINT WARNING * * *
You shoot a sling bullet. The sling bullet hits the worm.
The worm is heavily wounded.
The worm attacks as it pursues you! The worm misses you.
You open the door.
A hobgoblin and a frilled lizard come into view.
The frilled lizard hisses angrily.
There is an open door here.
You close the door.
You shoot a sling bullet. The sling bullet hits the hobgoblin.
The hobgoblin is severely wounded.
The frilled lizard completely misses you.
The hobgoblin closely misses you.
You shoot a sling bullet. The sling bullet hits the hobgoblin.
You kill the hobgoblin!
The frilled lizard bites you.
* * * LOW HITPOINT WARNING * * *
The frilled lizard completely misses you.
You see here a hobgoblin corpse.
You shoot a sling bullet.
The sling bullet closely misses the frilled lizard.
The frilled lizard bites you.
* * * LOW HITPOINT WARNING * * *
You shoot a sling bullet.
The sling bullet closely misses the frilled lizard.
The frilled lizard barely misses you. The frilled lizard bites you.
* * * LOW HITPOINT WARNING * * *
You shoot a sling bullet.
The sling bullet barely misses the frilled lizard.
The frilled lizard bites you.
You die...

#..^....^...# ##.
#.........#.# #..
##.^...^^##.# ##. ##+
##^...^###.# ##
##..#####.### #w# #
##.....#### ###.#
#.......######.#.#
.........##...w..#######
.......@.+..............
.......l.##.#......#####
#.......###.#..#.#.###
##.....## #....#.#...#
##...# #..###.###.# ##+#
#..# ... .# ##.# ### .#
.≈≈≈≈≈ .# ### .#


You could see a frilled lizard.

Vanquished Creatures
  2 endoplasms
  2 giant cockroaches (D:1)
  5 hobgoblins
  4 jackals (D:2)
  2 quokkas (D:1)
  A ball python (D:1)
  3 bats
  2 frilled lizards
  3 goblins
  A kobold (D:1)
  2 rats (D:2)
27 creatures vanquished.

Notes
Turn   | Place    | Note
-------+----------+-------------------------------------------
     0 | D:1      | Shayle the Tengu Hexslinger began the quest for the Orb.
     0 | D:1      | Reached XP level 1. HP: 12/12 MP: 3/3
    61 | D:1      | Found a faded altar of an unknown god.
   124 | D:1      | Reached skill level 1 in Unarmed Combat
   184 | D:1      | Reached XP level 2. HP: 16/16 MP: 4/4
   629 | D:2      | Reached XP level 3. HP: 14/21 MP: 5/5
   932 | D:2      | Slain by a frilled lizard

Illustrated notes

Levels and vault maps discovered:
D:1:      shiori_arrival_oz, layout_rooms, dreamdust_ecumenical_altar_grove
D:2:      layout_loops_corners, serial_shops, nicolae_shop_tiny_statue_garden,
          grunt_decor_cap, nicolae_wormholes

Skill      XL: |  1  2  3 |
---------------+----------+-----
Unarmed Combat | 1 2 |  2.0
Fighting       | 2 |  2.2
Ranged Weapons | |  2.1
Dodging        | |  2.1
Spellcasting   | |  1.0
Hexes          | |  2.1
Fire Magic     | |  1.1

Action                     || total
---------------------------++-------
   Fire: Sling             ||    74
 Armour: Robe              ||    26
  Dodge: Dodged            ||    27

Table legend: (Time is in decaauts)
 A = Elapsed time spent in this place.
 B = Non-inter-level travel time spent in this place.
 C = Inter-level travel time spent in this place.
 D = Time resting spent in this place.
 E = Time spent auto-exploring this place.
 F = Levels seen in this place.
 G = Mean time per level.
                   A        B        C        D        E       F      G
               +--------+--------+--------+--------+--------+-----+--------+
         Total |    953 |    953 |      0 |      0 |    671 |   2 |  476.5 |
       Dungeon |    953 |    953 |      0 |      0 |    671 |   2 |  476.5 |
               +--------+--------+--------+--------+--------+-----+--------+

Top non-repeatable levels by time:
     D:1: 497 daAuts
     D:2: 455 daAuts
